 Dungeon Sprint DCSS version 0.21.1-1-g345015fe64 (webtiles) character file.

2000000 Burgietje the Slayer (level 18, -2/177 HPs)
             Began as a Demonspawn Gladiator on Mar 19, 2018.
             Was a High Priest of Makhleb.
             Slain by a large bag of meat
             ... wielding a +9 giant spiked club
              (66 damage)
             ... in the Dungeon (Sprint VIII: "Arena of Blood").
             The game lasted 00:00:48 (20 turns).

Burgietje the Slayer (Demonspawn Gladiator)           Turns: 20, Time: 00:00:49

Health: -2/177     AC:  6    Str: 16    XL:     18   Next: 56%
Magic:  16/39      EV: 30    Int: 13    God:    Makhleb [*****.]
Gold:   0          SH:  0    Dex: 18    Spells: 51/51 levels left

rFire    . . .     SeeInvis .   l - +∞ Axe of Woe
rCold    . . .     Gourm    .   (shield currently unavailable)
rNeg     . . .     Faith    .   b - +0 leather armour
rPois    .         Spirit   .   (helmet unavailable)
rElec    .         Reflect  .   (no cloak)
rCorr    .         Harm     .   (no gloves)
MR       +....     NoTele   +   (no boots)
Stlth    +++++++...             (no amulet)
HPRegen  0.39/turn              (no ring)
MPRegen  0.26/turn              (no ring)

@: no status effects
A: horns 3, rugged brown scales 1, demonic guardian 2, spiny 3
a: Minor Destruction, Lesser Servant of Makhleb, Major Destruction, Greater
Servant of Makhleb, Renounce Religion


You were in the Dungeon.
You worshipped Makhleb.
Makhleb was extremely pleased with you.
You were not hungry.

You visited 1 branch

Inventory:

Hand Weapons
 a - a +0 war axe
 l - the +∞ Axe of Woe (weapon)
   (You found it in the Dungeon)
Missiles
 d - 3 throwing nets (quivered)
Armour
 b - a +0 leather armour (worn)
 c - a +0 helmet
Scrolls
 k - a scroll of blinking
Potions
 e - a potion of curing
 g - a potion of heal wounds
 h - a potion of haste
 i - 2 potions of magic
 j - a potion of berserk rage
Comestibles
 f - a ration


   Skills:
 + Level 23.4 Fighting
 + Level 21.9 Axes
 + Level 21.9 Throwing
 + Level 17.2 Armour
 + Level 21.9 Dodging
 + Level 18.5 Stealth
 + Level 17.2 Unarmed Combat
 + Level 17.2 Spellcasting
 + Level 22.8 Invocations


You had 51 spell levels left.
You didn't know any spells.

Dungeon Overview and Level Annotations

Branches:
Dungeon (1/1)

Altars:
Makhleb


Innate Abilities, Weirdness & Mutations

You have a pair of large horns on your head.
You are partially covered in rugged brown scales. (AC +1, +3% HP)
A demonic guardian rushes to your aid.
You are completely covered in sharp spines.


Message History

Makhleb accepts your kill.
You can now summon a greater servant of Makhleb.
Your Armour skill increases to level 17!
Your Unarmed Combat skill increases to level 17!
Your Spellcasting skill increases to level 17!
The meat berserker rages.
You hear a shout! x9
The bag of meat moves out of view.
You hear a shout!
You hear two shouts!
A meat berserker comes into view. It is wielding a +9 battleaxe.
Unknown command.
An orc, an ogre and a two-headed ogre come into view.
You hear a shout! x3
The large bag of meat appears out of thin air!
A large bag of meat comes into view. It is wielding a +9 giant spiked club.
Your sixfirhy hits the bag of meat.
Your sixfirhy shocks the bag of meat!
The large bag of meat hits you with a +9 giant spiked club!!!!
Ouch! That really hurt!
The large bag of meat hits you with a +9 giant spiked club!!!
You die...

. #... ..#
...###... ..###.
........###...O..
#........_.O....
..... #.)...#
......#O.<._#
......#))...#..
#.....)))o......
O......@###......
...###..O....###.
.. #3......#
#o.....O#
..........


oO......... ......O...o ...........# You could see 3 large bags of meat, 5 meat
berserkers, 4 bags of meat and a friendly sixfirhy.

Vanquished Creatures
  3 ogres (D)
  12 orcs (D)
15 creatures vanquished.

Notes
Turn   | Place    | Note
-------+----------+-------------------------------------------
     0 | D        | Found the +∞ Axe of Woe
     0 | D        | Burgietje the Demonspawn Gladiator began the quest for the Orb.
     0 | D        | Reached XP level 1. HP: 16/16 MP: 1/1
     2 | D        | Noticed a bag of meat
     3 | D        | Became a worshipper of Makhleb the Destroyer
     4 | D        | Noticed a bag of meat
     4 | D        | Noticed a meat berserker
     5 | D        | Killed a meat berserker
     5 | D        | Reached skill level 16 in Fighting
     5 | D        | Reached skill level 15 in Axes
     5 | D        | Reached skill level 15 in Throwing
     5 | D        | Reached skill level 15 in Dodging
     5 | D        | Gained mutation: You are partially covered in sharp spines. [demonic ancestry]
     5 | D        | Reached XP level 2. HP: 46/46 MP: 2/2
     5 | D        | Reached XP level 3. HP: 52/52 MP: 3/3
     5 | D        | Reached XP level 4. HP: 59/59 MP: 4/4
     5 | D        | Reached XP level 5. HP: 66/66 MP: 5/5
     5 | D        | Reached XP level 6. HP: 73/73 MP: 6/6
     5 | D        | Gained mutation: You have a pair of small horns on your head. [demonic ancestry]
     5 | D        | Reached XP level 7. HP: 79/79 MP: 7/7
     5 | D        | Gained mutation: You are mostly covered in sharp spines. [demonic ancestry]
     5 | D        | Reached XP level 8. HP: 86/86 MP: 8/8
     5 | D        | Reached XP level 9. HP: 92/92 MP: 9/9
     5 | D        | Reached XP level 10. HP: 100/100 MP: 10/10
     5 | D        | Gained mutation: A weak demonic guardian rushes to your aid. [demonic ancestry]
     5 | D        | Reached XP level 11. HP: 106/106 MP: 11/11
     5 | D        | Reached XP level 12. HP: 113/113 MP: 12/12
     5 | D        | Gained mutation: A demonic guardian rushes to your aid. [demonic ancestry]
     5 | D        | Reached XP level 13. HP: 119/119 MP: 13/13
     6 | D        | Noticed a bag of meat
     6 | D        | Noticed a bag of meat
     7 | D        | Noticed a bag of meat
     8 | D        | Noticed a bag of meat
     8 | D        | Killed a bag of meat
     8 | D        | Reached * piety under Makhleb
     8 | D        | Reached skill level 17 in Fighting
     8 | D        | Reached skill level 5 in Stealth
     9 | D        | Noticed a bag of meat
     9 | D        | Noticed a bag of meat
    10 | D        | Noticed a bag of meat
    10 | D        | Noticed a bag of meat
    10 | D        | Killed a bag of meat
    10 | D        | Reached skill level 18 in Fighting
    10 | D        | Gained mutation: You are completely covered in sharp spines. [demonic ancestry]
    10 | D        | Reached XP level 14. HP: 130/130 MP: 13/24
    11 | D        | Noticed a meat berserker
    11 | D        | Killed a bag of meat
    12 | D        | Killed a bag of meat
    12 | D        | Reached ** piety under Makhleb
    12 | D        | Reached skill level 19 in Fighting
    12 | D        | Reached skill level 10 in Stealth
    12 | D        | Gained mutation: You are partially covered in rugged brown scales. (AC +1, +3% HP) [demonic ancestry]
    12 | D        | Reached XP level 15. HP: 133/143 MP: 13/28
    13 | D        | Reached skill level 10 in Armour
    13 | D        | Reached skill level 10 in Unarmed Combat
    13 | D        | Reached skill level 10 in Spellcasting
    14 | D        | Noticed a large bag of meat
    14 | D        | Noticed a meat berserker
    14 | D        | Reached skill level 15 in Invocations
    14 | D        | Reached *** piety under Makhleb
    14 | D        | Reached skill level 20 in Fighting
    14 | D        | Gained mutation: You have a pair of horns on your head. [demonic ancestry]
    14 | D        | Reached XP level 16. HP: 153/153 MP: 14/32
    15 | D        | Killed a meat berserker
    15 | D        | Reached skill level 21 in Fighting
    16 | D        | Reached skill level 15 in Stealth
    16 | D        | Reached XP level 17. HP: 162/162 MP: 14/35
    17 | D        | Killed a meat berserker
    17 | D        | Reached **** piety under Makhleb
    17 | D        | Reached skill level 22 in Fighting
    17 | D        | Reached skill level 15 in Armour
    17 | D        | Reached skill level 15 in Unarmed Combat
    17 | D        | Reached skill level 15 in Spellcasting
    17 | D        | Gained mutation: You have a pair of large horns on your head. [demonic ancestry]
    17 | D        | Reached XP level 18. HP: 175/175 MP: 15/38
    18 | D        | Noticed a meat berserker
    18 | D        | Noticed a meat berserker
    18 | D        | Reached skill level 23 in Fighting
    19 | D        | Reached ***** piety under Makhleb
    20 | D        | Noticed a meat berserker
    20 | D        | Noticed a large bag of meat
    20 | D        | Noticed a meat berserker
    20 | D        | Slain by a large bag of meat

Skill      XL: |  1  2  3  4  5  6  7  8  9 10 11 12 13 14 15 16 17 18 |
---------------+-------------------------------------------------------+-----
Fighting       | 16 18 19 20 21 22 23 | 23.4
Axes           | 15 16 17 19 20 21 | 21.9
Throwing       | 15 16 17 18 20 21 | 21.9
Dodging        | 15 16 17 18 20 21 | 21.9
Armour         | 6 9 12 14 16 17 | 17.2
Stealth        | 7 10 13 15 17 18 | 18.5
Unarmed Combat | 6 9 12 14 16 17 | 17.2
Spellcasting   | 6 9 12 14 16 17 | 17.2
Invocations    | 9 13 16 19 21 22 | 22.8

Action                   |  1- 3 |  4- 6 |  7- 9 | 10-12 | 13-15 | 16-18 || total
-------------------------+-------+-------+-------+-------+-------+-------++-------
Melee: Executioner's axe |     1 |       |       |       |     6 |     5 ||    12
